 Dungeon Crawl Stone Soup version 0.29.1-1-gd02db6906a (webtiles) character file.

Game seed: 17646701492786150014

192 themarg the Conjurer (level 5, -4/24 (28) HPs)
             Began as a Tengu Conjurer on Sept 19, 2022.
             Slain by a wight
             ... wielding a +0 hand axe
              (6 damage)
             ... on level 6 of the Dungeon.
             The game lasted 00:13:51 (3807 turns).

themarg the Conjurer (Tengu Conjurer)               Turns: 3807, Time: 00:13:52

HP:   -4/24 (28)    AC:  2    Str:  8    XL:     5   Next: 71%
MP:   12/12         EV: 14    Int: 20    God:
Gold: 172           SH:  0    Dex: 12    Spells: 9/12 levels left

rFire   . . .      SeeInvis .   i - +0 dagger
rCold   . . .      Faith    .   (no shield)
rNeg    . . .      Spirit   .   a - +0 robe
rPois   .          Reflect  .   (helmet restricted)
rElec   .          Harm     .   (no cloak)
rCorr   .          Rampage  .   (no gloves)
Will    .....                   (boots unavailable)
Stlth   ++........              (no amulet)
HPRegen 0.08/turn               q - +4 ring of slaying
MPRegen 0.13/turn               (no ring)

@: about to teleport, flying quickly and evasively, heavily drained, quick
A: beak, talons 3, nimble flight
a: no special abilities


You were on level 6 of the Dungeon.
You visited 1 branch of the dungeon, and saw 6 of its levels.

You collected 172 gold pieces.

Inventory:

Hand Weapons
 i - a +0 dagger (weapon)
Armour
 a - a +0 robe (worn)
 p - the +5 robe of Insurance {Fly rElec Will+ Int-4}
   (You found it on level 2 of the Dungeon)

   Int:       It affects your intelligence (-4).
   rElec:     It insulates you from electricity.
   Fly:       It grants you flight.
   Will:      It increases your willpower.
Jewellery
 q - a +4 ring of slaying (left hand)
 t - an amulet of faith
Wands
 r - a wand of charming (5)
Scrolls
 c - a scroll of enchant weapon {unknown}
 d - 2 scrolls of teleportation
 h - 2 scrolls of noise
 k - a scroll of immolation {unknown}
 m - a scroll of vulnerability {unknown}
 n - a scroll of magic mapping {unknown}
 o - 2 scrolls of identify {unknown}
Potions
 b - a potion of magic
 e - 3 potions of resistance {unknown}
 f - 4 potions of flight {unknown}
 g - a potion of cancellation {unknown}
 j - a potion of degeneration {unknown}
 l - 3 potions of curing {unknown}
 s - a potion of berserk rage {unknown}
 u - a potion of lignification {unknown}


   Skills:
 - Level 2.2 Dodging
 - Level 2.0 Stealth
 + Level 4.0 Spellcasting
 + Level 7.3 Conjurations


You had 9 spell levels left.
You knew the following spells:

 Your Spells              Type           Power      Damage    Failure   Level
a - Magic Dart            Conj           100%       1d8       1%          1
b - Searing Ray           Conj           66%        2d6       1%          2

Your spell library contained the following spells:

 Spells                   Type           Power      Damage    Failure   Level
 Dazzling Flash           Conj/Hex       36%        N/A       9%          3
 Beastly Appendage        Tmut           8%         N/A       13%         1
 Freeze                   Ice            16%        1d4       13%         1
 Wereblood                Tmut           4%         N/A       19%         2
 Fulminant Prism          Conj/Hex       9%         3d7       28%         4
 Hailstorm                Conj/Ice       18%        3d6       28%         4
 Iskenderun's Mystic Bla  Conj/Tloc      18%        2d6       28%         4
 Frozen Ramparts          Ice            8%         1d2       36%         3
 Spider Form              Tmut/Pois      4%         N/A       36%         3


Dungeon Overview and Level Annotations

Branches:
Dungeon (7/15)
 Temple: D:4-7

Altars:
Dithmenos
Makhleb
Trog
Uskayaw
Xom

Shops:
D:3 *


Innate Abilities, Weirdness & Mutations

You have a beak for a mouth.
You have claws for feet.
Your magical nature lets you fly swiftly and evasively.


Message History

Found 10 gold pieces and a scroll of teleportation.
Found a stone staircase leading down.
A gnoll comes into view. It is wielding a +0 spear.
The howler monkey hoots and howls with incredible vigour!
You hear a loud, deep croak!
You hear a shout!
A sky beast comes into view.
You see here a +0 ring mail.
The howler monkey hoots and howls with incredible vigour!
You hear a loud, deep croak!
You hear a shout!
Found a shadowy altar of Dithmenos.
Found a whip.
The phantom hits you but does no damage.
Found a scroll of teleportation.
A wight comes into view. It is wielding a +0 hand axe.
Found an escape hatch in the ceiling.
The sky beast flickers out of sight!
Deactivating autopickup; reactivate with Ctrl-A.
The wight moves out of view.
A wight comes into view. It is wielding a +2 battleaxe.
You see here a scroll of teleportation.
d - 3 scrolls of teleportation (gained 1)
The howler monkey hoots and howls with incredible vigour!
You hear a shout! 2 wights come into view.
Found a stone staircase leading down.
The wight hits you with a +2 battleaxe.
There is an escape hatch in the ceiling here.
The wight hits you with a +3 flail.
You feel drained. The wight misses you. The wight hits you with a +0 dagger!
You feel drained. The wight hits you with a +0 hand axe.
* * * LOW HITPOINT WARNING * * *
You feel drained. A mysterious force pulls you upwards.
The hatch slams shut behind you.
The kobold shouts!
Reactivating autopickup.
The kobold shouts!
You hear a shout! x2
As you read the scroll of teleportation, it crumbles to dust.
You feel strangely unstable. The wight hits you with a +0 dagger.
* * * LOW HITPOINT WARNING * * *
The wight closely misses you. The wight hits you with a +0 hand axe.
You die...

##.##
.....## #
......##.
#......#
#......#
..#......#
#.....z.z#
#.z@.#
#..z..#
##.#.K# ##
#..K ....
.##... #
... ..


You could see 4 wights and 2 kobolds.

Vanquished Creatures
  An orc priest (D:3)
  Natasha (D:3)
  4 gnolls (D:3)
  4 adders
  A worm (D:3)
  A dart slug (D:1)
  4 orcs (D:3)
  An endoplasm (D:1)
  A giant cockroach (D:2)
  6 goblins
  7 hobgoblins
  4 jackals (D:1)
  2 quokkas
  5 ball pythons
  6 bats
  4 frilled lizards
  3 kobolds
  8 rats
63 creatures vanquished.

Notes
Turn   | Place    | Note
-------+----------+-------------------------------------------
     0 | D:1      | themarg the Tengu Conjurer began the quest for the Orb.
     0 | D:1      | Reached XP level 1. HP: 10/10 MP: 4/4
   327 | D:1      | Reached XP level 2. HP: 13/15 MP: 4/6
   793 | D:1      | Found a faded altar of an unknown god.
  1257 | D:2      | Reached XP level 3. HP: 19/19 MP: 3/7
  1307 | D:2      | Learned a level 2 spell: Searing Ray
  1401 | D:2      | Reached skill level 6 in Conjurations
  1422 | D:2      | Identified the +5 robe of Insurance {Fly rElec Will+ Int-4}
  1972 | D:2      | Found a burning altar of Makhleb.
  2317 | D:3      | Reached XP level 4. HP: 24/24 MP: 2/9
  2388 | D:3      | Found Jowkov's Assorted Antiques.
  2422 | D:3      | Noticed Natasha
  2701 | D:3      | Found a bloodstained altar of Trog.
  2793 | D:3      | Found a large runed translucent door.
  2798 | D:3      | Found a large runed translucent door.
  3051 | D:3      | Gained mutation: Your magical nature lets you fly swiftly
                  | and evasively. [Tengu growth]
  3051 | D:3      | Reached XP level 5. HP: 28/28 MP: 7/11
  3081 | D:3      | Reached skill level 7 in Conjurations
  3439 | D:3      | Killed Natasha
  3671 | D:3      | Found a shimmering altar of Xom.
  3699 | D:3      | Found a hide-covered altar of Uskayaw.
  3746 | D:4      | You are sucked into a shaft and drop 3 floors!
  3750 | D:7      | Noticed a phantom
  3753 | D:7      | Noticed a water moccasin
  3769 | D:7      | Noticed a sky beast
  3783 | D:7      | Found a shadowy altar of Dithmenos.
  3807 | D:6      | Slain by a wight

Illustrated notes

Levels and vault maps discovered:
D:1:      evilmike_arrival_hilbert_curve, layout_loops_ring,
          hellmonk_ecumenical_altar_pennies_from_heaven
D:2:      layout_basic, basic_altar, serial_aquarium, aquarium_bridge_square
          [aquarium_subvault_wall, aquarium_subvault_window,
          aquarium_subvault_bridge, aquarium_subvault_balcony],
          aquarium_window_fake, aquarium_window_fake,
          aquarium_window_corridor_1, aquarium_view_2c, aquarium_view_2b,
          aquarium_pool_double, hangedman_abyss_or_decor_lesser_grid
D:3:      layout_basic, trog_antimagical, jmf_multi_god_temple2, serial_shops,
          nicolae_shop_statue_plus, uniq_natasha
D:4:      nicolae_cairo_tiling_large_dashed, layout_rooms
D:6:      layout_cave_pools, vehumet_statue
D:7:      layout_cave_pools, lemuel_round_altar

Skill      XL: |  1  2  3  4  5 |
---------------+----------------+-----
Conjurations   | 6 7 |  7.3
Spellcasting   | 3 4 |  4.0
Dodging        | |  2.2
Stealth        | |  2.0

Action                   |  1- 3 |  4- 6 || total
-------------------------+-------+-------++-------
Melee: Spear             |    11 |       ||    11
       Kick              |     4 |       ||     4
 Cast: Magic Dart        |    65 |    21 ||    86
       Searing Ray       |     4 |    14 ||    18
  Use: Scroll            |       |     3 ||     3
Armor: Robe              |     4 |     2 ||     6
Dodge: Dodged            |    12 |     5 ||    17
